 Dungeon Crawl Stone Soup version 0.28.0-43-g3370ac3207 (webtiles) character file.

Game seed: 9348666528808923515

149 DasRunzen the Ducker (level 5, -7/38 HPs)
             Began as a Djinni Fire Elementalist on Mar 24, 2022.
             Killed by divine providence
             ... invoked by an orc priest
              (16 damage)
             ... on level 3 of the Dungeon.
             The game lasted 00:05:47 (3660 turns).

DasRunzen the Ducker (Djinni Fire Elementalist)     Turns: 3660, Time: 00:05:47

Health: -7/38      AC:  3    Str:  7    XL:     5   Next: 57%
Gold:   118        EV: 13    Int: 18    God:
                   SH:  0    Dex: 14

rFire   + + .      SeeInvis .   (no weapon)
rCold   x . .      Faith    .   (no shield)
rNeg    . . .      Spirit   .   a - +0 robe
rPois   ∞          Reflect  .   (no helmet)
rElec   .          Harm     .   (no cloak)
rCorr   +          Rampage  .   e - +0 pair of gloves
Will    +....                   (boots unavailable)
Stlth   ++........              (no amulet)
HPRegen 0.12/turn               b - ring of willpower
MPRegen 0.00/turn               h - ring of resist corrosion

@: flying
A: sickness immunity, fire resistance 2, cold vulnerability 1, float, innate
caster, HP casting, extra vitality 1
a: no special abilities


You were on level 3 of the Dungeon.
You visited 1 branch of the dungeon, and saw 3 of its levels.

You collected 118 gold pieces.

Inventory:

Armour
 a - a +0 robe (worn)
 e - a +0 pair of gloves (worn)
Jewellery
 b - a ring of willpower (left hand)
 h - a ring of resist corrosion (right hand)
Wands
 f - a wand of charming (12)
Scrolls
 c - a scroll of magic mapping {unknown}
 g - a scroll of immolation {unknown}
Potions
 d - 2 potions of lignification {unknown}


   Skills:
 + Level 2.2 Fighting
 + Level 2.1 Armour
 + Level 3.4 Dodging
 - Level 1.5 Stealth
 + Level 3.1 Spellcasting


You couldn't memorise any spells.
You knew the following spells:

 Your Spells              Type           Power      Damage    Failure   Level
a - Foxfire               Conj/Fire      52%        2x1d6     4%          1
b - Scorch                Fire           26%        2d6       7%          2
c - Conjure Flame         Conj/Fire      13%        6-21      14%         3
d - Inner Flame           Hex/Fire       13%        N/A       14%         3
e - Flame Wave            Conj/Fire      13%        2d6       41%         4
f - Shock                 Conj/Air       52%        1d6       4%          1
g - Corpse Rot            Necr/Air       26%        N/A       7%          2
Your spell library was empty.

Dungeon Overview and Level Annotations

Branches:
Dungeon (3/15)

Altars:
Makhleb
Yredelemnul

Shops:
D:2 [


Innate Abilities, Weirdness & Mutations

You are immune to sickness and miasma.
You are immune to poison.
Your flesh is very heat resistant. (rF++)
You are vulnerable to cold. (rC-)
You float through the air rather than walking.
You learn spells naturally, not from books.
Your magical power is your life essence.
You have superior vitality. (+4 MHP)


Message History

The orc priest mumbles some strange prayers to Beogh against you.
You resist with some effort.
You conjure some foxfire!
The orc priest invokes the aid of Beogh against you.
You resist with some effort.
You conjure some foxfire!
The foxfire hits the orc.
The orc is lightly wounded.
You conjure some foxfire!
The foxfire hits the orc.
The orc is severely wounded.
The foxfire hits the orc.
You kill the orc!
Your foxfire dissipates!
You conjure some foxfire!
The foxfire hits the orc priest.
The orc priest is moderately wounded.
You conjure some foxfire!
The foxfire hits the orc priest.
The orc priest is moderately wounded.
The foxfire hits the orc priest.
The orc priest is severely wounded.
The orc priest mumbles some strange prayers to Beogh against you.
Pain shoots through your body!
You conjure some foxfire!
The foxfire hits the orc priest.
The orc priest is moderately wounded.
The orc priest invokes the aid of Beogh against you.
Beogh smites you!
* * * LOW HITPOINT WARNING * * *
The orc priest hits you with a +0 club.
* * * LOW HITPOINT WARNING * * *
The foxfire hits the orc priest.
The orc priest is heavily wounded.
The foxfire hits the orc priest.
You kill the orc priest!
The foxfire hits the orc priest.
The orc priest is almost dead.
You are too injured to fight recklessly!
Casting: Foxfire (safe; 4% risk of failure)
Confirm with . or Enter, or press ? or * to list all spells.
You conjure some foxfire!
* * * LOW HITPOINT WARNING * * *
The orc priest calls down the wrath of Beogh upon you.
Beogh smites you!
You die...

#.# #...# .#.# #...#
.#.# #...# # .#.#
#...# #.#####.#.#
#####
#######.....#.#.#
#.........)o..#.#
#.########.§.#.#
##.........v@.#.#
#......(...v..#.#
##.########.#.#.####
#.# #........#.#..#
#.# #.####.###.#..#
#.# #.###.#..### #.#
#..........# #.###
########.#..#+#
#...#.#..............[
####


You could see an orc priest (ally target).

Vanquished Creatures
  An orc priest (D:3)
  4 gnolls
  3 adders (D:2)
  2 worms
  2 dart slugs (D:2)
  An orc (D:3)
  2 ball pythons
  6 bats
  2 endoplasms
  2 giant cockroaches (D:2)
  7 goblins
  3 hobgoblins
  A quokka (D:3)
  A frilled lizard (D:2)
  6 kobolds
  5 rats
48 creatures vanquished.

Vanquished Creatures (collateral kills)
  2 foxfires (D:3)
2 creatures vanquished.

Vanquished Creatures (others)
  234 foxfires
234 creatures vanquished.

Grand Total: 284 creatures vanquished

Notes
Turn   | Place    | Note
-------+----------+-------------------------------------------
     0 | D:1      | DasRunzen the Djinni Fire Elementalist began the quest for
                  | the Orb.
     0 | D:1      | Reached XP level 1. HP: 15/15 MP: 0/0
   707 | D:1      | Reached XP level 2. HP: 19/22 MP: 0/0
  1329 | D:2      | Reached skill level 1 in Fighting
  1329 | D:2      | Reached skill level 1 in Armour
  1329 | D:2      | Reached XP level 3. HP: 23/27 MP: 0/0
  1329 | D:2      | Learned a level 1 spell: Shock
  1643 | D:2      | Reached XP level 4. HP: 26/32 MP: 0/0
  1825 | D:2      | Found Qosmav's Armour Boutique.
  2047 | D:2      | Found a faded altar of an unknown god.
  2100 | D:2      | Reached XP level 5. HP: 31/38 MP: 0/0
  2100 | D:2      | Learned a level 2 spell: Corpse Rot
  2184 | D:2      | Found a basalt altar of Yredelemnul.
  2757 | D:3      | Found a burning altar of Makhleb.
  3660 | D:3      | Killed from afar by an orc priest

Illustrated notes

Levels and vault maps discovered:
D:1:      amcnicky_arrival_feature_with_door, layout_basic
D:2:      layout_rooms, serial_shops, nicolae_diamond_shop,
          chequers_ecumenical_altar_island, basic_altar
D:3:      layout_basic, mainiacjoe_overflow_boulevard

Skill      XL: |  1  2  3  4  5 |
---------------+----------------+-----
Fighting       | 1 2 |  2.2
Armour         | 1 2 |  2.1
Dodging        | 3 |  3.4
Spellcasting   | 3 |  3.1
Stealth        | |  1.5

Action                   |  1- 3 |  4- 6 || total
-------------------------+-------+-------++-------
 Cast: Foxfire           |    60 |    86 ||   146
       Shock             |       |     4 ||     4
       Conjure Flame     |       |     1 ||     1
  Use: Scroll            |     1 |     2 ||     3
Armor: Robe              |     2 |     1 ||     3
Dodge: Dodged            |     9 |     2 ||    11
